 Dungeon Crawl Stone Soup version 0.23.2-40-g277498a001 (webtiles) character file.

Game seed: 1776175031078248817

227 BeastOfSaturn the Sneak (level 6, -25/32 HPs)
             Began as a Kobold Enchanter on Oct 8, 2019.
             Was a Follower of Ru.
             Killed from afar by a river rat (33 damage)
             ... with an exploding inner flame
             ... hexed by the player character
             ... on level 4 of the Dungeon on Oct 9, 2019.
             The game lasted 00:31:22 (4140 turns).

BeastOfSaturn the Sneak (Kobold Enchanter)          Turns: 4140, Time: 00:31:28

Health: -25/32     AC:  7    Str:  7    XL:     6   Next: 22%
Magic:  9/9        EV: 15    Int: 16    God:    Ru [*.....]
Gold:   134        SH:  0    Dex: 16    Spells: 8/9 levels left

rFire    x . .     SeeInvis +   a - +2 dagger
rCold    + . .     Gourm    .   (shield restricted)
rNeg     . . .     Faith    .   f - +0 leather armour
rPois    .         Spirit   .   (no helmet)
rElec    .         Reflect  .   p - +0 cloak
rCorr    .         Harm     .   e - +2 pair of gloves
MR       .....                  (no boots)
Stlth    +++.......             (no amulet)
HPRegen  0.10/turn              o - ring of ice
MPRegen  0.11/turn              u - ring of see invisible

@: no status effects
A: small, carnivore, hated by all
a: Renounce Religion


You were on level 4 of the Dungeon.
You worshipped Ru.
Ru was aware of your devotion.
You were not hungry.

You visited 1 branch of the dungeon, and saw 4 of its levels.

You collected 134 gold pieces.

Inventory:

Hand Weapons
 a - a +2 dagger (weapon)
 b - a +0 hunting sling
Missiles
 s - 24 sling bullets
Armour
 e - a +2 pair of gloves (worn)
 f - a +0 leather armour (worn)
 p - a +0 cloak (worn)
Jewellery
 o - a ring of ice (left hand)
 u - a ring of see invisible (right hand)
 w - a +3 ring of intelligence {unknown}
Scrolls
 c - 2 scrolls of enchant armour
 g - 3 scrolls of enchant weapon
 j - 2 scrolls of remove curse
 m - a scroll of random uselessness {unknown}
 q - a scroll of fog {unknown}
 t - a scroll of teleportation {unknown}
 v - a scroll of noise {unknown}
Potions
 h - a potion of ambrosia {unknown}
 i - 2 potions of haste
 k - a potion of curing {unknown}
 n - a potion of might {unknown}
 r - a potion of invisibility {unknown}
Comestibles
 d - 5 rations


   Skills:
 - Level 0.2 Fighting
 * Level 4.6 Short Blades
 + Level 1.5 Slings
 + Level 1.1 Armour
 * Level 3.3 Dodging
 + Level 4.9 Stealth
 - Level 2.3 Spellcasting
 * Level 3.7 Hexes


You had 8 spell levels left.
You knew the following spells:

 Your Spells              Type           Power        Failure   Level  Hunger
a - Corona                Hex            ##.....      6%          1    #......

Your spell library contained the following spells:

 Spells                   Type           Power        Failure   Level  Hunger
 Confuse                  Hex            ##......     19%         3    ###....
 Tukima's Dance           Hex            ##......     19%         3    ###....
 Ensorcelled Hibernation  Hex/Ice        ##....       21%         2    ###....
 Dazzling Spray           Conj/Hex       #.....       38%         3    ###....


Dungeon Overview and Level Annotations

Branches:
Dungeon (4/15)
 Temple: D:4-7

Altars:
Makhleb
Okawaru
Ru
Vehumet

Portals:
Sewer: D:4
Ossuary: D:4


Innate Abilities, Weirdness & Mutations

You are small and have problems with some larger weapons.
You are carnivorous and can eat meat at any time.
You are hated by all.


Message History

The river rat is severely wounded.
The river rat bites you but does no damage.
The ogre hits you with a +0 giant club.
* * * LOW HITPOINT WARNING * * *
Really read the scroll of immolation?
Uppercase [Y]es or [N]o only, please.
Really read the scroll of immolation?
As you read the scroll of immolation, it crumbles to dust.
The creatures around you are filled with an inner flame!
The river rat misses you.
You hit the river rat but do no damage.
The river rat is severely wounded.
The ogre closely misses you.
You hit the river rat.
The river rat explodes!
The fiery explosion engulfs the river rat!!
The river rat explodes!
The fiery explosion engulfs you!! The fire burns you terribly!
Ouch! That really hurt!
You die...

#...##.##..#....
####...###..#.....
######.......#.........
.......................
#######.#............(.
#.....##.....O(.#
##.#...#.....(.#
#######.........(.# #
#§§§@OO.##.....(.. #.
#....§§####...<.....#
... #...≈≈≈ ##...#....#
... ##..≈≈≈ #..........
#.≈≈≈≈ #.....#.##.
#≈≈≈≈∩ ..###.# .#
###### .... ... .#
..... #.#. # ...... ##


You could see 2 ogres.

Vanquished Creatures
  A sky beast (D:3)
  2 river rats (D:4)
  5 adders
  3 worms
  2 dart slugs
  2 leopard geckos
  3 ball pythons
  4 giant cockroaches
  6 goblins
  6 hobgoblins
  3 quokkas
  4 bats
  7 frilled lizards
  12 kobolds
  10 rats
70 creatures vanquished.

Notes
Turn   | Place    | Note
-------+----------+-------------------------------------------
     0 | D:1      | BeastOfSaturn the Kobold Enchanter began the quest for the
                  | Orb.
     0 | D:1      | Reached XP level 1. HP: 10/10 MP: 3/3
   137 | D:1      | Reached XP level 2. HP: 15/15 MP: 1/5
   139 | D:1      | Found an iron altar of Okawaru.
   651 | D:1      | Reached XP level 3. HP: 12/19 MP: 6/6
  1739 | D:2      | Found a sacrificial altar of Ru.
  1747 | D:2      | Became a worshipper of Ru the Awakened
  1810 | D:2      | Reached XP level 4. HP: 24/24 MP: 5/7
  3028 | D:3      | Reached XP level 5. HP: 28/28 MP: 8/8
  3063 | D:3      | Found a radiant altar of Vehumet.
  3305 | D:3      | Found a burning altar of Makhleb.
  3328 | D:3      | Gained mutation: You are hated by all. [Ru sacrifice]
  3328 | D:3      | Reached * piety under Ru
  3580 | D:3      | Noticed a sky beast
  3600 | D:3      | Killed a sky beast
  3600 | D:3      | Reached skill level 1 in Slings
  3600 | D:3      | Reached skill level 1 in Armour
  3600 | D:3      | Reached XP level 6. HP: 23/32 MP: 9/9
  3805 | D:4      | Noticed an ogre
  4054 | D:4      | Noticed an ogre
  4075 | D:4      | Found a sand-covered staircase.
  4100 | D:4      | Found a glowing drain.
  4140 | D:4      | Killed from afar by a river rat

Skill      XL: |  1  2  3  4  5 |
---------------+----------------+-----
Short Blades   | 2 3 4 |  4.6
Dodging        | 3 |  3.3
Slings         | 1 |  1.5
Armour         | 1 |  1.1
Fighting       | |  0.2
Stealth        | |  4.9
Spellcasting   | |  2.3
Hexes          | |  3.7

Action                   |  1- 3 |  4- 6 || total
-------------------------+-------+-------++-------
Melee: Dagger            |   140 |   151 ||   291
 Fire: Hunting sling     |       |    44 ||    44
 Cast: Corona            |    11 |     8 ||    19
Invok: Sacrifice Love    |       |     1 ||     1
  Use: Scroll            |     3 |     4 ||     7
 Stab: Sleeping          |     7 |     6 ||    13
       Distracted        |       |     1 ||     1
  Eat: Ration            |     2 |     2 ||     4
       Chunk             |       |     5 ||     5
Armor: Leather armour    |    34 |    23 ||    57
       Robe              |     1 |       ||     1
Dodge: Dodged            |    84 |    78 ||   162
